 Dungeon Crawl Stone Soup version 0.27-a0-1140-g099f9bb0e8 (webtiles) character file.

Game seed: 5825687740752553533

284 voltaire321 the Poker (level 6, 0/48 HPs)
             Began as a Merfolk Gladiator on May 8, 2021.
             Was a Priest of Qazlal.
             Slain by a ball python (2 damage)
             ... in a sewer.
             The game lasted 00:08:38 (2574 turns).

voltaire321 the Poker (Merfolk Gladiator)           Turns: 2574, Time: 00:08:38

Health: 0/48       AC:  6    Str: 14    XL:     6   Next: 29%
Magic:  6/6        EV: 10    Int:  8    God:    Qazlal [***...]
Gold:   68         SH:  4    Dex: 17    Spells: 5/5 levels left

rFire    + . .     SeeInvis .   a - +1 trident
rCold    . . .     Faith    .   (no shield)
rNeg     . . .     Spirit   .   h - +0 ring mail {rF+}
rPois    .         Reflect  .   c - +0 helmet
rElec    .         Harm     .   (no cloak)
rCorr    .         Rampage  .   (no gloves)
Will     .....                  (no boots)
Stlth    +.........             (no amulet)
HPRegen  0.16/turn              (no ring)
MPRegen  0.10/turn              (no ring)

@: mighty, constricted
A: (nimble swimmer 2), mertail
a: Renounce Religion, Upheaval, Elemental Force


You were in a sewer.
You worshipped Qazlal.
Qazlal was most pleased with you.
You visited 1 branch of the dungeon, and saw 3 of its levels.
You also visited: Sewer.

You collected 68 gold pieces.

Inventory:

Hand Weapons
 a - a +1 trident (weapon)
Missiles
 d - 3 throwing nets (quivered)
Armour
 c - a +0 helmet (worn)
 h - a +0 ring mail of fire resistance (worn)
Scrolls
 e - a scroll of magic mapping {unknown}
 i - 2 scrolls of teleportation {unknown}
 k - a scroll of blinking {unknown}
Potions
 b - 2 potions of brilliance {unknown}
 f - a potion of attraction
 g - 3 potions of might
 j - a potion of cancellation {unknown}


   Skills:
 + Level 3.6 Fighting
 + Level 5.9 Polearms
 + Level 3.2 Throwing
 + Level 1.7 Armour
 + Level 5.3 Dodging


You had 5 spell levels left.
You didn't know any spells.
Your spell library contained the following spells:

 Spells                   Type           Power      Damage    Failure   Level
 Magic Dart               Conj           0%         1d3       65%         1
 Searing Ray              Conj           0%         3d3       78%         2
 Dazzling Flash           Conj/Hex       0%         N/A       95%         3
 Fulminant Prism          Conj/Hex       0%         3d6       100%        4
 Iskenderun's Mystic Bla  Conj/Tloc      0%         2d3       100%        4


Dungeon Overview and Level Annotations

Branches:
Dungeon (3/15)              Sewer (1/1)

Altars:
Qazlal


Innate Abilities, Weirdness & Mutations

((You are quick and stealthy near water. (Stealth+, EV+, Speed+++)))
Your lower body shifts to a powerful aquatic tail in water.


Message History

The ball python barely misses you. The ball python constricts you.
The ball python barely misses you. The bullfrog completely misses you.
You feel very mighty all of a sudden.
The ball python hisses angrily.
The ball python loses its grip on you. You block the ball python's attack.
The ball python misses you. The bullfrog closely misses you.
The ball python bites you.
* * * LOW HITPOINT WARNING * * *
The ball python closely misses you.
You puncture the bullfrog!
You kill the bullfrog!
Qazlal accepts your kill. The ball python closely misses you.
You block the ball python's attack. The ball python bites you.
* * * LOW HITPOINT WARNING * * *
The ball python grabs you. The ball python constricts you.
The ball python completely misses you. The ball python bites you.
* * * LOW HITPOINT WARNING * * *
You have reached level 6!
Your experience leads to an increase in your attributes!
Increase (S)trength, (I)ntelligence, or (D)exterity?
You feel agile.
You puncture the ball python!
You kill the ball python!
Qazlal accepts your kill. The ball python closely misses you.
The ball python constricts you. The ball python barely misses you.
The ball python closely misses you. The ball python constricts you.
You puncture the ball python!
You kill the ball python!
Qazlal accepts your kill. The ball python bites you.
* * * LOW HITPOINT WARNING * * *
You block the ball python's attack. The ball python constricts you.
You puncture the ball python!
You kill the ball python!
Qazlal accepts your kill.
You hear a loud, deep croak!
The ball python bites you.
You die...

##...## #####...#
#..'....# #..#....#
####...##
#################....#
≈≈≈≈≈≈≈≈≈≈≈≈≈≈≈......#
≈≈≈≈≈≈≈≈≈≈≈≈≈≈≈S○...##
≈≈≈≈≈≈≈≈≈≈≈≈≈≈≈†@...#
≈≈≈≈≈≈≈≈≈≈≈≈≈≈≈○†...#
≈≈≈≈≈≈..≈#≈≈≈≈≈....##
≈≈≈≈≈≈≈≈≈≈≈≈≈≈≈#.###
##################


You could see a ball python.

Vanquished Creatures
  A bullfrog (Sewer)
  11 adders
  4 river rats
  3 worms
  2 dart slugs
  3 endoplasms
  3 giant cockroaches
  6 goblins
  2 hobgoblins (D:2)
  3 kobolds
  3 quokkas
  16 ball pythons
  3 bats
  4 frilled lizards
  27 rats
91 creatures vanquished.

Notes
Turn   | Place    | Note
-------+----------+-------------------------------------------
     0 | D:1      | voltaire321 the Merfolk Gladiator began the quest for the
                  | Orb.
     0 | D:1      | Reached XP level 1. HP: 16/16 MP: 1/1
   142 | D:1      | Reached XP level 2. HP: 23/23 MP: 2/2
   549 | D:1      | Found a faded altar of an unknown god.
   559 | D:1      | Became a worshipper of Qazlal Stormbringer
   559 | D:1      | Reached * piety under Qazlal
   882 | D:2      | Reached XP level 3. HP: 28/28 MP: 3/3
  1542 | D:2      | Reached skill level 5 in Polearms
  1542 | D:2      | Reached skill level 1 in Armour
  1542 | D:2      | Reached XP level 4. HP: 34/34 MP: 4/4
  1903 | D:3      | Reached ** piety under Qazlal
  1958 | D:3      | Found a glowing drain.
  1962 | Sewer    | Entered a sewer
  1992 | Sewer    | Reached XP level 5. HP: 33/41 MP: 5/5
  2392 | Sewer    | Reached skill level 5 in Dodging
  2425 | Sewer    | Reached *** piety under Qazlal
  2571 | Sewer    | HP: 2/41 [ball python (1)]
  2572 | Sewer    | Reached XP level 6. HP: 3/48 MP: 6/6
  2574 | Sewer    | Slain by a ball python

Illustrated notes

Levels and vault maps discovered:
D:1:      amcnicky_arrival_gap_in_the_tavern_cellar, layout_basic,
          basic_ecumenical_altar
D:2:      layout_loops_ring, nrook_campfire
D:3:      layout_rooms, gammafunk_ghost_split, gup_sewer_entry_bowl
Sewer:    sewer_minmay_w

Skill      XL: |  1  2  3  4  5 |
---------------+----------------+-----
Polearms       | 5 |  5.9
Armour         | 1 |  1.7
Fighting       | 3 |  3.6
Throwing       | 3 |  3.2
Dodging        | 5 |  5.3

Action                   |  1- 3 |  4- 6 || total
-------------------------+-------+-------++-------
Melee: Trident           |   113 |   148 ||   261
       Tailslap          |       |     2 ||     2
  Use: Scroll            |       |     5 ||     5
       Potion            |       |     3 ||     3
Armor: Leather armour    |     6 |       ||     6
       Ring mail         |    21 |    54 ||    75
Dodge: Dodged            |    42 |   156 ||   198
Block: Other             |       |    32 ||    32

Table legend: (Time is in decaauts)
 A = Elapsed time spent in this place.
 B = Non-inter-level travel time spent in this place.
 C = Inter-level travel time spent in this place.
 D = Time resting spent in this place.
 E = Time spent auto-exploring this place.
 F = Levels seen in this place.
 G = Mean time per level.
                   A        B        C        D        E       F      G
               +--------+--------+--------+--------+--------+-----+--------+
         Total |   2541 |   2495 |     46 |    492 |   1266 |   4 |  635.2 |
       Dungeon |   1967 |   1921 |     46 |    177 |   1266 |   3 |  655.7 |
         Sewer |    573 |    573 |      0 |    315 |      0 |   1 |  573.0 |
               +--------+--------+--------+--------+--------+-----+--------+

Top non-repeatable levels by time:
     D:2: 918 daAuts
     D:1: 857 daAuts
   Sewer: 573 daAuts
     D:3: 191 daAuts
